Laval Rockets vs Manitoba Moose

Created - 13 janvier 2021 at 10:31

Goals
1 2 3 OT1 SO T
Laval Rockets 1 2 0 0 0 3
Manitoba Moose 1 2 0 0 1 4
Shots
1 2 3 OT1 SO T
Laval Rockets 10 10 16 1 3 37
Manitoba Moose 14 12 7 3 2 36

1st period

1. Manitoba Moose , Gerald Mayhew 12 (Cody McLeod 6, Guillaume Brisebois 2) at 5:52
2. Laval Rockets , Matt Bartkowski 2 (Jayden Halbgewachs 10, Adam Brooks 10) at 18:09 (PP)

Penalties :
Josh Brown (BUL) for Hooking (Minor) at 6:14, Guillaume Brisebois (MOO) for Fighting (Major) at 13:25, Casey Nelson (BUL) for Fighting (Major) at 13:25, Matt Beleskey (MOO) for Hooking (Minor) at 16:57

2nd period

3. Laval Rockets , Colin Campbell 2 (Emil Bemstrom 33, Alexander Volkov 8) at 4:21
4. Laval Rockets , Jayce Hawryluk 14 (Rasmus Asplund 21) at 4:29
5. Manitoba Moose , Sean Malone 8 (Matt Lorito 10, Jake Walman 6) at 15:23
6. Manitoba Moose , Jake Walman 3 (Anthony Peluso 10) at 19:33 (PP)

Penalties :
Anthony Peluso (MOO) for Fighting (Major) at 3:39, Josh Brown (BUL) for Fighting (Major) at 3:39, Matt Lorito (MOO) for Roughing (Minor) at 7:10, Eetu Luostarinen (MOO) for Interference (Minor) at 15:46, Dante Fabbro (BUL) for Hooking (Minor) at 19:02

3rd period

No Goal

Penalties :
Cody McLeod (MOO) for Holding (Minor) at 7:35, Guillaume Brisebois (MOO) for Goalie Interference (Minor) at 15:20

Overtime #1

No Goal

Penalties :
No Penalty

Shootout

Laval Rockets, Emil Bemstrom - Stopped by Christopher Gibson
Manitoba Moose, Eetu Luostarinen - Stopped by Joel Daccord
Laval Rockets, Alexander Volkov - Stopped by Christopher Gibson
Manitoba Moose, Matt Beleskey - Goal!
Laval Rockets, Rasmus Asplund - Stopped by Christopher Gibson

Penalties :
No Penalty

Goalie Stats

Joel Daccord (BUL), 33 saves from 36 shots - (0,917), OTL, 3-3-2, 65:00 minutes
Christopher Gibson (MOO), 34 saves from 37 shots - (0,919), W, 15-5-2, 65:00 minutes

Players Stats for Laval Rockets

Player Name              G  A  P  +/- PIM S  H  SB GA TA FO     MP     PP MP  PK MP  
------------------------------------------------------------------------------------
Adam Brooks              0  1  1  -1  0   4  0  0  0  0  0/2    15:50   4:36   0:00 
Alexander Volkov         0  1  1   0  0   4  5  0  0  2  1/1    25:05   4:32   0:47 
Brett Leason             0  0  0   0  0   0  1  1  0  0  0/1     7:27   0:00   0:00 
Casey Nelson             0  0  0   1  5   0  0  0  0  0  0/0    15:50   0:33   0:18 
Colin Campbell           1  0  1   0  0   3  1  1  1  1  15/22  19:46   0:22   0:50 
Dante Fabbro             0  0  0   0  2   1  0  0  1  0  0/0    26:51   4:48   1:08 
Emil Bemstrom            0  1  1   0  0   3  0  0  5  0  2/10   23:38   4:19   0:00 
Giovanni Fiore           0  0  0   0  0   4  1  1  0  0  0/0     7:37   0:02   0:00 
Jayce Hawryluk           1  0  1   1  0   3  8  1  2  0  0/2    18:50   4:30   0:00 
Jayden Halbgewachs       0  1  1  -1  0   1  1  2  0  0  1/1    14:58   4:36   0:00 
Josh Brown               0  0  0  -1  7   1  2  2  0  1  0/0    23:35   4:11   0:31 
Logan O'Connor           0  0  0  -1  0   2  1  0  0  0  0/0    14:13   4:27   0:00 
Matt Bartkowski          1  0  1   0  0   2  3  2  2  1  0/0    25:06   4:24   0:59 
Rasmus Asplund           0  1  1   1  0   0  2  2  2  0  8/19   16:02   0:00   1:34 
Ryan Fitzgerald          0  0  0   0  0   4  0  0  0  0  1/4     7:35   0:00   0:00 
Ryan Poehling            0  0  0   1  0   2  1  1  0  2  1/1    15:53   0:00   1:34 
Simon Benoit             0  0  0   0  0   2  0  1  0  0  0/0    22:57   3:47   0:48 
Tyler Lewington          0  0  0   0  0   1  2  0  0  0  0/0    16:13   0:33   1:31 

Players Stats for Manitoba Moose

Player Name              G  A  P  +/- PIM S  H  SB GA TA FO     MP     PP MP  PK MP  
------------------------------------------------------------------------------------
Andreas Borgman          0  0  0   0  0   0  0  0  1  2  0/0    20:37   0:54   4:07 
Anthony Peluso           0  1  1   1  5   0  1  1  0  0  0/0    16:57   1:00   0:44 
Bode Wilde               0  0  0   0  0   1  0  1  0  0  0/0     6:05   0:00   0:00 
Brian Lashoff            0  0  0   0  0   0  2  2  0  3  0/0    27:29   1:36   5:01 
Chase Pearson            0  0  0   0  0   0  0  0  0  0  1/1     4:17   0:17   0:00 
Cody McLeod              0  1  1   1  2   5  2  1  0  1  0/0    21:02   1:00   2:55 
Daniel Walcott           0  0  0   0  0   0  0  0  0  0  0/0     1:43   0:00   0:00 
Eetu Luostarinen         0  0  0  -1  2   12 2  2  0  1  18/36  26:21   1:13   4:08 
Gerald Mayhew            1  0  1   1  0   5  1  1  1  0  4/12   16:15   1:00   0:00 
Guillaume Brisebois      0  1  1   0  7   1  1  0  1  0  0/0    18:03   0:54   2:34 
Jake Walman              1  1  2   0  0   1  1  2  0  2  0/0    27:29   1:36   5:01 
Matt Beleskey            0  0  0  -1  2   5  3  1  1  1  1/1    26:14   1:13   4:32 
Matt Lorito              0  1  1   0  2   1  1  0  0  0  0/0    12:56   0:17   0:00 
Peter Abbandonato        0  0  0   0  0   0  1  1  0  0  2/3     8:36   0:00   2:44 
Reece Scarlett           0  0  0   0  0   0  0  0  1  0  0/0     6:05   0:00   0:00 
Sean Malone              1  0  1   0  0   5  3  0  1  0  7/8    16:12   0:17   1:29 
Shane Gersich            0  0  0   0  0   0  1  1  1  0  0/1    12:35   0:00   0:08 
Steve Bernier            0  0  0  -1  0   0  4  1  0  1  1/1    18:52   1:13   1:47 
Thomas Schemitsch        0  0  0   0  0   0  0  2  0  2  0/0    10:52   0:00   0:06 
Urho Vaakanainen         0  0  0   0  0   0  0  0  0  0  0/0    12:16   0:00   1:27 

3 Stars

1 - Jayce Hawryluk (BUL)
2 - Jake Walman (MOO)
3 - Gerald Mayhew (MOO)

Power Play

Laval Rockets - 1 on 5 Attempt(s) - 20,00%
Manitoba Moose - 1 on 2 Attempt(s) - 50,00%

Penalty Kill

Laval Rockets - 1 on 2 Attempt(s) - 50,00% - Score 0 goal in Penalty Kill
Manitoba Moose - 4 on 5 Attempt(s) - 80,00% - Score 0 goal in Penalty Kill

Team Stat

Laval Rockets - Hits : 28 - Faceoff Wins : 29 - Blocked Shots : 14 - Penalty Minutes : 14
Manitoba Moose - Hits : 23 - Faceoff Wins : 34 - Blocked Shots : 16 - Penalty Minutes : 20

Official

Referees : Garrett Rank and Peter MacDougall
Linesman : Trent Knorr and Justin Cornell

Game Notes

Guillaume Brisebois and Casey Nelson fight to a draw at 13:25 of 1st period
Josh Brown beats up Anthony Peluso at 3:39 of 2nd period

Finance

Level 1 -- Attendance: 1552 (77,60%) -- Ticket Income 54 320 $
Level 2 -- Attendance: 848 (84,80%) -- Ticket Income 12 720 $
Total Attendance: 2400 (80,00%)
Total Ticket Income: 67 040 $
Other Income: 32 850 $
Total Income: 99 890 $

Laval Rockets

5 vs 5 Forward 
   Center                   Left Wing                Right Wing               Time % Phy DF OF 
 1 Colin Campbell           Alexander Volkov         Emil Bemstrom            40     0   2  3  
 2 Rasmus Asplund           Ryan Poehling            Jayce Hawryluk           30     0   2  3  
 3 Adam Brooks              Jayden Halbgewachs       Logan O'Connor           20     0   2  3  
 4 Ryan Fitzgerald          Giovanni Fiore           Brett Leason             10     0   3  2  

5 vs 5 Defense 
   Defense                  Defense                                           Time % Phy DF OF 
 1 Dante Fabbro             Josh Brown                                        35     1   2  2  
 2 Matt Bartkowski          Simon Benoit                                      35     1   2  2  
 3 Casey Nelson             Tyler Lewington                                   25     1   2  2  
 4 Dante Fabbro             Josh Brown                                        5      1   2  2  

PowerPlay Forward 
   Center                   Left Wing                Right Wing               Time % Phy DF OF 
 1 Emil Bemstrom            Alexander Volkov         Jayce Hawryluk           60     0   1  4  
 2 Adam Brooks              Jayden Halbgewachs       Logan O'Connor           40     0   1  4  

PowerPlay Defense
   Defense                  Defense                                           Time % Phy DF OF 
 1 Dante Fabbro             Josh Brown                                        60     0   2  3  
 2 Matt Bartkowski          Simon Benoit                                      40     0   2  3  

Penalty Kill 4 Players Forward 
   Center                   Wing                     Time % Phy DF OF 
 1 Rasmus Asplund           Ryan Poehling            60     0   3  2  
 2 Colin Campbell           Alexander Volkov         40     0   3  2  

Penalty Kill 4 Players Defense
   Defense                  Defense                  Time % Phy DF OF 
 1 Dante Fabbro             Josh Brown               60     0   4  1  
 2 Matt Bartkowski          Simon Benoit             40     0   4  1  

Penalty Kill - 3 Players Forward 
   Forward                                           Time % Phy DF OF 
 1 Rasmus Asplund                                    60     0   4  1  
 2 Ryan Poehling                                     40     0   4  1  

Penalty Kill - 3 Players Defense
   Defense                  Defense                  Time % Phy DF OF 
 1 Dante Fabbro             Josh Brown               60     0   5  0  
 2 Matt Bartkowski          Simon Benoit             40     0   5  0  

4 vs 4 Forward 
   Center                   Wing                     Time % Phy DF OF 
 1 Emil Bemstrom            Alexander Volkov         60     1   2  2  
 2 Rasmus Asplund           Jayce Hawryluk           40     1   2  2  

4 vs 4 Defense
   Defense                  Defense                  Time % Phy DF OF 
 1 Dante Fabbro             Josh Brown               60     1   2  2  
 2 Matt Bartkowski          Simon Benoit             40     1   2  2  

Last Minutes Offensive
   Center                   Left Wing                Right Wing               Defense                  Defense                  
   Emil Bemstrom            Alexander Volkov         Jayce Hawryluk           Dante Fabbro             Josh Brown               

Last Minutes Defensive
   Center                   Left Wing                Right Wing               Defense                  Defense                  
   Rasmus Asplund           Ryan Poehling            Alexander Volkov         Dante Fabbro             Josh Brown               

Goaltenders
Starting : Joel Daccord             
Backup : Unknown Goalie           

Extra Forwards
Normal : Colin Campbell, Adam Brooks, Ryan Poehling - PP : Colin Campbell, Adam Brooks - PK : Ryan Poehling
Extra Defensemen
Normal : Casey Nelson, Tyler Lewington, Matt Bartkowski - PP : Casey Nelson - PK : Tyler Lewington, Matt Bartkowski
Penalty Shots
Emil Bemstrom, Alexander Volkov, Rasmus Asplund, Jayce Hawryluk, Colin Campbell

Scratches
Kyle Criscuolo (Healthy), Antoine Waked (Healthy), Michael Pezzetta (Healthy), Chaz Reddekopp (Healthy), Jermaine Loewen (Healthy)
Riley Sutter (Healthy), Andrew Sturtz (Healthy), Landon Bow (Healthy), Laurent Brossoit (Healthy)

Manitoba Moose

5 vs 5 Forward 
   Center                   Left Wing                Right Wing               Time % Phy DF OF 
 1 Eetu Luostarinen         Matt Beleskey            Steve Bernier            40     1   2  2  
 2 Gerald Mayhew            Cody McLeod              Anthony Peluso           30     1   2  2  
 3 Sean Malone              Shane Gersich            Matt Lorito              20     1   2  2  
 4 Peter Abbandonato        Eetu Luostarinen         Matt Beleskey            10     1   2  2  

5 vs 5 Defense 
   Defense                  Defense                                           Time % Phy DF OF 
 1 Brian Lashoff            Jake Walman                                       40     1   2  2  
 2 Andreas Borgman          Guillaume Brisebois                               30     1   2  2  
 3 Urho Vaakanainen         Thomas Schemitsch                                 20     1   2  2  
 4 Bode Wilde               Reece Scarlett                                    10     1   2  2  

PowerPlay Forward 
   Center                   Left Wing                Right Wing               Time % Phy DF OF 
 1 Eetu Luostarinen         Matt Beleskey            Steve Bernier            60     1   2  2  
 2 Gerald Mayhew            Cody McLeod              Anthony Peluso           40     1   2  2  

PowerPlay Defense
   Defense                  Defense                                           Time % Phy DF OF 
 1 Brian Lashoff            Jake Walman                                       60     1   2  2  
 2 Andreas Borgman          Guillaume Brisebois                               40     1   2  2  

Penalty Kill 4 Players Forward 
   Center                   Wing                     Time % Phy DF OF 
 1 Eetu Luostarinen         Matt Beleskey            60     1   2  2  
 2 Steve Bernier            Cody McLeod              40     1   2  2  

Penalty Kill 4 Players Defense
   Defense                  Defense                  Time % Phy DF OF 
 1 Brian Lashoff            Jake Walman              60     1   2  2  
 2 Andreas Borgman          Guillaume Brisebois      40     1   2  2  

Penalty Kill - 3 Players Forward 
   Forward                                           Time % Phy DF OF 
 1 Eetu Luostarinen                                  60     1   2  2  
 2 Matt Beleskey                                     40     1   2  2  

Penalty Kill - 3 Players Defense
   Defense                  Defense                  Time % Phy DF OF 
 1 Brian Lashoff            Jake Walman              60     1   2  2  
 2 Andreas Borgman          Guillaume Brisebois      40     1   2  2  

4 vs 4 Forward 
   Center                   Wing                     Time % Phy DF OF 
 1 Eetu Luostarinen         Matt Beleskey            60     1   2  2  
 2 Steve Bernier            Cody McLeod              40     1   2  2  

4 vs 4 Defense
   Defense                  Defense                  Time % Phy DF OF 
 1 Brian Lashoff            Jake Walman              60     1   2  2  
 2 Andreas Borgman          Guillaume Brisebois      40     1   2  2  

Last Minutes Offensive
   Center                   Left Wing                Right Wing               Defense                  Defense                  
   Eetu Luostarinen         Matt Beleskey            Steve Bernier            Brian Lashoff            Jake Walman              

Last Minutes Defensive
   Center                   Left Wing                Right Wing               Defense                  Defense                  
   Eetu Luostarinen         Matt Beleskey            Steve Bernier            Brian Lashoff            Jake Walman              

Goaltenders
Starting : Christopher Gibson       
Backup : Evan Cormier             

Extra Forwards
Normal : Chase Pearson, Sean Malone, Peter Abbandonato - PP : Chase Pearson, Sean Malone - PK : Peter Abbandonato
Extra Defensemen
Normal : Daniel Walcott, Urho Vaakanainen, Thomas Schemitsch - PP : Daniel Walcott - PK : Urho Vaakanainen, Thomas Schemitsch
Penalty Shots
Eetu Luostarinen, Matt Beleskey, Steve Bernier, Cody McLeod, Gerald Mayhew

Scratches
Samuel Morin (Healthy), Filip Larsson (Healthy)

% Time on Ice - Laval Rockets

Lines # - Real PCT - Wanted PCT - Time Play
Normal Forward
1 - 36% - 40% - 17:39
2 - 29% - 30% - 13:49
3 - 20% - 20% - 9:27
4 - 15% - 10% - 7:27
Normal Defense
1 - 36% - 35% - 17:24
2 - 35% - 35% - 16:55
3 - 28% - 25% - 13:28
4 - 1% - 5% - 0:35
PP Forward
1 - 50% - 60% - 4:32
2 - 50% - 40% - 4:36
PP Defense
1 - 59% - 60% - 5:21
2 - 41% - 40% - 3:47
PK Forward
1 - 73% - 60% - 1:49
2 - 27% - 40% - 0:41
PK Defense
1 - 68% - 60% - 1:42
2 - 32% - 40% - 0:48
PK3 Forward
1 - 0% - 60%
2 - 0% - 40%
PK3 Defense
1 - 0% - 60%
2 - 0% - 40%
44 Forward
1 - 79% - 60% - 3:57
2 - 21% - 40% - 1:03
44 Defense
1 - 71% - 60% - 3:33
2 - 29% - 40% - 1:27
Last Minute Offensive  - 0:00
Last Minute Defensive  - 0:00
Total
Forward - 65:00
Defense - 65:00

% Time on Ice - Manitoba Moose

Lines # - Real PCT - Wanted PCT - Time Play
Normal Forward
1 - 34% - 40% - 16:38
2 - 32% - 30% - 15:36
3 - 26% - 20% - 12:27
4 - 8% - 10% - 3:41
Normal Defense
1 - 38% - 40% - 18:11
2 - 29% - 30% - 14:01
3 - 21% - 20% - 10:05
4 - 13% - 10% - 6:05
PP Forward
1 - 60% - 60% - 1:30
2 - 40% - 40% - 1:00
PP Defense
1 - 64% - 60% - 1:36
2 - 36% - 40% - 0:54
PK Forward
1 - 80% - 60% - 7:21
2 - 20% - 40% - 1:47
PK Defense
1 - 55% - 60% - 5:01
2 - 45% - 40% - 4:07
PK3 Forward
1 - 0% - 60%
2 - 0% - 40%
PK3 Defense
1 - 0% - 60%
2 - 0% - 40%
44 Forward
1 - 88% - 60% - 4:23
2 - 12% - 40% - 0:37
44 Defense
1 - 54% - 60% - 2:41
2 - 46% - 40% - 2:19
Last Minute Offensive  - 0:00
Last Minute Defensive  - 0:00
Total
Forward - 65:00
Defense - 65:00

Play-by-Play

1st period


0:01 of 1st period - Alexander Volkov wins face-off versus Eetu Luostarinen in neutral zone.
0:23 of 1st period - Icing by Colin Campbell.
0:24 of 1st period - Colin Campbell wins face-off versus Gerald Mayhew in Laval Rockets zone.
1:12 of 1st period - Peter Abbandonato is hit by Giovanni Fiore.
1:18 of 1st period - Wrist shot by Giovanni Fiore.
1:18 of 1st period - Shot Blocked by Thomas Schemitsch.
1:20 of 1st period - Snap shot by Matt Bartkowski.
1:20 of 1st period - Deflect By Giovanni Fiore.
1:20 of 1st period - Shot Misses the Net.
1:20 of 1st period - Puck is out of play.
1:21 of 1st period - Colin Campbell wins face-off versus Eetu Luostarinen in Manitoba Moose zone.
1:46 of 1st period - Rasmus Asplund is hit by Cody McLeod and loses puck.
2:41 of 1st period - Steve Bernier is hit by Brett Leason and loses puck.
4:42 of 1st period - Sean Malone is hit by Tyler Lewington and loses puck.
4:47 of 1st period - Snap shot by Emil Bemstrom.
4:47 of 1st period - Stopped by Christopher Gibson without a rebound.
4:48 of 1st period - Colin Campbell wins face-off versus Sean Malone in Manitoba Moose zone.
5:01 of 1st period - Snap shot by Emil Bemstrom.
5:01 of 1st period - Stopped by Christopher Gibson without a rebound.
5:02 of 1st period - Eetu Luostarinen wins face-off versus Rasmus Asplund in Manitoba Moose zone.
5:02 of 1st period - Eetu Luostarinen is hit by Rasmus Asplund.
5:05 of 1st period - Icing by Matt Beleskey.
5:06 of 1st period - Eetu Luostarinen wins face-off versus Rasmus Asplund in Manitoba Moose zone.
5:36 of 1st period - Backhand shot by Gerald Mayhew.
5:36 of 1st period - Stopped by Joel Daccord without a rebound.
5:37 of 1st period - Colin Campbell wins face-off versus Gerald Mayhew in Laval Rockets zone.
5:40 of 1st period - Snap shot by Gerald Mayhew.
5:40 of 1st period - Shot Misses the Net.
5:46 of 1st period - Snap shot by Cody McLeod.
5:46 of 1st period - Shot Blocked by Matt Bartkowski.
5:48 of 1st period - Snap shot by Cody McLeod.
5:48 of 1st period - Stopped by Joel Daccord with a rebound.
5:50 of 1st period - Wrist shot by Cody McLeod.
5:50 of 1st period - Stopped by Joel Daccord with a rebound.
5:52 of 1st period - Snap shot by Gerald Mayhew.
5:52 of 1st period - Goal by Gerald Mayhew - Laval Rockets : 0 - Manitoba Moose : 1.
5:53 of 1st period - Eetu Luostarinen wins face-off versus Colin Campbell in neutral zone.
6:08 of 1st period - Slapshot by Matt Beleskey.
6:08 of 1st period - Stopped by Joel Daccord with a rebound.
6:14 of 1st period - Minor Penalty to Josh Brown for Hooking.
6:15 of 1st period - Eetu Luostarinen wins face-off versus Rasmus Asplund in Laval Rockets zone.
6:18 of 1st period - Snap shot by Eetu Luostarinen.
6:18 of 1st period - Deflect By Matt Beleskey.
6:18 of 1st period - Stopped by Joel Daccord with a rebound.
6:20 of 1st period - Snap shot by Brian Lashoff.
6:20 of 1st period - Shot Misses the Net.
6:22 of 1st period - Wrist shot by Matt Beleskey.
6:22 of 1st period - Shot Misses the Net.
7:18 of 1st period - Alexander Volkov is hit by Eetu Luostarinen and loses puck.
8:14 of 1st period - Penalty to Josh Brown is over, Josh Brown is back on ice.
8:38 of 1st period - Wrist shot by Ryan Fitzgerald.
8:38 of 1st period - Shot Blocked by Matt Beleskey.
9:13 of 1st period - Off-side.
9:14 of 1st period - Sean Malone wins face-off versus Ryan Fitzgerald in neutral zone.
9:19 of 1st period - Josh Brown is hit by Sean Malone and loses puck.
9:49 of 1st period - Snap shot by Jayce Hawryluk.
9:49 of 1st period - Shot Blocked by Eetu Luostarinen.
9:51 of 1st period - Snap shot by Jayce Hawryluk.
9:51 of 1st period - Shot Misses the Net.
9:53 of 1st period - Slapshot by Josh Brown.
9:53 of 1st period - Shot Misses the Net.
9:55 of 1st period - Snap shot by Ryan Poehling.
9:55 of 1st period - Shot Blocked by Bode Wilde.
9:57 of 1st period - Slapshot by Dante Fabbro.
9:57 of 1st period - Stopped by Christopher Gibson with a rebound.
9:59 of 1st period - Wrist shot by Ryan Poehling.
9:59 of 1st period - Stopped by Christopher Gibson with a rebound.
10:54 of 1st period - Wrist shot by Gerald Mayhew.
10:54 of 1st period - Stopped by Joel Daccord with a rebound.
10:56 of 1st period - Snap shot by Cody McLeod.
10:56 of 1st period - Stopped by Joel Daccord with a rebound.
11:50 of 1st period - Chase Pearson is hit by Josh Brown and loses puck.
12:07 of 1st period - Icing by Josh Brown.
12:08 of 1st period - Sean Malone wins face-off versus Rasmus Asplund in Laval Rockets zone.
12:17 of 1st period - Wrist shot by Matt Lorito.
12:17 of 1st period - Deflect By Sean Malone.
12:17 of 1st period - Stopped by Joel Daccord with a rebound.
12:51 of 1st period - Snap shot by Gerald Mayhew.
12:51 of 1st period - Deflect By Emil Bemstrom.
12:51 of 1st period - Shot Hit the Post.
12:51 of 1st period - Puck is out of play.
12:52 of 1st period - Colin Campbell wins face-off versus Eetu Luostarinen in Laval Rockets zone.
13:20 of 1st period - Snap shot by Cody McLeod.
13:20 of 1st period - Shot Misses the Net.
13:22 of 1st period - Snap shot by Cody McLeod.
13:22 of 1st period - Stopped by Joel Daccord with a rebound.
13:24 of 1st period - Slapshot by Andreas Borgman.
13:24 of 1st period - Deflect By Gerald Mayhew.
13:24 of 1st period - Stopped by Joel Daccord without a rebound.
13:25 of 1st period - Gerald Mayhew wins face-off versus Rasmus Asplund in Laval Rockets zone.
13:25 of 1st period - Guillaume Brisebois and Casey Nelson fight to a draw.
13:25 of 1st period - Penalty to Guillaume Brisebois for Fighting.
13:25 of 1st period - Penalty to Casey Nelson for Fighting.
13:26 of 1st period - Eetu Luostarinen wins face-off versus Rasmus Asplund in Laval Rockets zone.
13:29 of 1st period - Snap shot by Eetu Luostarinen.
13:29 of 1st period - Stopped by Joel Daccord without a rebound.
13:30 of 1st period - Eetu Luostarinen wins face-off versus Rasmus Asplund in Laval Rockets zone.
13:31 of 1st period - Slapshot by Matt Beleskey.
13:31 of 1st period - Shot Blocked by Rasmus Asplund.
13:45 of 1st period - Snap shot by Matt Beleskey.
13:45 of 1st period - Shot Blocked by Rasmus Asplund.
13:59 of 1st period - Wrist shot by Emil Bemstrom.
13:59 of 1st period - Shot Blocked by Gerald Mayhew.
14:03 of 1st period - Snap shot by Alexander Volkov.
14:03 of 1st period - Stopped by Christopher Gibson without a rebound.
14:04 of 1st period - Colin Campbell wins face-off versus Gerald Mayhew in Manitoba Moose zone.
14:35 of 1st period - Ryan Poehling is hit by Steve Bernier and loses puck.
14:53 of 1st period - Slapshot by Matt Beleskey.
14:53 of 1st period - Deflect By Sean Malone.
14:53 of 1st period - Stopped by Joel Daccord with a rebound.
15:15 of 1st period - Slapshot by Brett Leason.
15:15 of 1st period - Deflect By Ryan Fitzgerald.
15:15 of 1st period - Stopped by Christopher Gibson without a rebound.
15:16 of 1st period - Gerald Mayhew wins face-off versus Ryan Fitzgerald in Manitoba Moose zone.
15:27 of 1st period - Cody McLeod is hit by Tyler Lewington and loses puck.
15:42 of 1st period - Dante Fabbro is hit by Eetu Luostarinen and loses puck.
15:49 of 1st period - Steve Bernier is hit by Jayce Hawryluk and loses puck.
16:06 of 1st period - Snap shot by Emil Bemstrom.
16:06 of 1st period - Shot Misses the Net.
16:45 of 1st period - Anthony Peluso is hit by Matt Bartkowski and loses puck.
16:50 of 1st period - Wrist shot by Ryan Fitzgerald.
16:50 of 1st period - Stopped by Christopher Gibson with a rebound.
16:52 of 1st period - Snap shot by Ryan Fitzgerald.
16:52 of 1st period - Shot Blocked by Anthony Peluso.
16:54 of 1st period - Snap shot by Brett Leason.
16:54 of 1st period - Deflect By Giovanni Fiore.
16:54 of 1st period - Stopped by Christopher Gibson without a rebound.
16:55 of 1st period - Eetu Luostarinen wins face-off versus Colin Campbell in Manitoba Moose zone.
16:57 of 1st period - Minor Penalty to Matt Beleskey for Hooking.
16:58 of 1st period - Eetu Luostarinen wins face-off versus Emil Bemstrom in Manitoba Moose zone.
17:10 of 1st period - Peter Abbandonato is hit by Jayce Hawryluk and loses puck.
17:37 of 1st period - Icing by Adam Brooks.
17:38 of 1st period - Sean Malone wins face-off versus Emil Bemstrom in Laval Rockets zone.
18:03 of 1st period - Snap shot by Jayden Halbgewachs.
18:03 of 1st period - Shot Blocked by Eetu Luostarinen.
18:05 of 1st period - Snap shot by Matt Bartkowski.
18:05 of 1st period - Stopped by Christopher Gibson with a rebound.
18:07 of 1st period - Slapshot by Matt Bartkowski.
18:07 of 1st period - Shot Blocked by Peter Abbandonato.
18:09 of 1st period - Slapshot by Matt Bartkowski.
18:09 of 1st period - Goal by Matt Bartkowski - Laval Rockets : 1 - Manitoba Moose : 1.
18:10 of 1st period - Eetu Luostarinen wins face-off versus Colin Campbell in neutral zone.
18:17 of 1st period - Wrist shot by Eetu Luostarinen.
18:17 of 1st period - Deflect By Steve Bernier.
18:17 of 1st period - Shot Misses the Net.
18:17 of 1st period - Puck is out of play.
18:18 of 1st period - Colin Campbell wins face-off versus Eetu Luostarinen in Laval Rockets zone.
18:27 of 1st period - Matt Beleskey is hit by Alexander Volkov and loses puck.
18:45 of 1st period - Wrist shot by Sean Malone.
18:45 of 1st period - Stopped by Joel Daccord without a rebound.
18:46 of 1st period - Sean Malone wins face-off versus Rasmus Asplund in Laval Rockets zone.
19:13 of 1st period - Steve Bernier is hit by Josh Brown and loses puck.
19:42 of 1st period - Emil Bemstrom is hit by Brian Lashoff and loses puck.
Goals for this period are 1 for Laval Rockets vs 1 for Manitoba Moose.
Shots for this period are 10 for Laval Rockets vs 14 for Manitoba Moose.

2nd period


0:01 of 2nd period - Rasmus Asplund wins face-off versus Eetu Luostarinen in neutral zone.
0:39 of 2nd period - Snap shot by Emil Bemstrom.
0:39 of 2nd period - Shot Misses the Net.
0:51 of 2nd period - Slapshot by Sean Malone.
0:51 of 2nd period - Stopped by Joel Daccord without a rebound.
0:52 of 2nd period - Sean Malone wins face-off versus Adam Brooks in Laval Rockets zone.
1:07 of 2nd period - Wrist shot by Adam Brooks.
1:07 of 2nd period - Stopped by Christopher Gibson without a rebound.
1:08 of 2nd period - Colin Campbell wins face-off versus Eetu Luostarinen in Manitoba Moose zone.
1:09 of 2nd period - Snap shot by Emil Bemstrom.
1:09 of 2nd period - Stopped by Christopher Gibson with a rebound.
1:20 of 2nd period - Wrist shot by Eetu Luostarinen.
1:20 of 2nd period - Stopped by Joel Daccord with a rebound.
1:34 of 2nd period - Matt Bartkowski is hit by Cody McLeod and loses puck.
2:03 of 2nd period - Snap shot by Logan O'Connor.
2:03 of 2nd period - Shot Misses the Net.
2:31 of 2nd period - Anthony Peluso is hit by Alexander Volkov.
2:37 of 2nd period - Wrist shot by Emil Bemstrom.
2:37 of 2nd period - Shot Misses the Net.
2:39 of 2nd period - Wrist shot by Alexander Volkov.
2:39 of 2nd period - Stopped by Christopher Gibson with a rebound.
2:41 of 2nd period - Slapshot by Tyler Lewington.
2:41 of 2nd period - Stopped by Christopher Gibson without a rebound.
2:42 of 2nd period - Rasmus Asplund wins face-off versus Eetu Luostarinen in Manitoba Moose zone.
2:55 of 2nd period - Wrist shot by Eetu Luostarinen.
2:55 of 2nd period - Shot Misses the Net.
2:57 of 2nd period - Snap shot by Eetu Luostarinen.
2:57 of 2nd period - Stopped by Joel Daccord with a rebound.
3:28 of 2nd period - Off-side.
3:29 of 2nd period - Jayden Halbgewachs wins face-off versus Gerald Mayhew in neutral zone.
3:39 of 2nd period - Josh Brown beats up Anthony Peluso.
3:39 of 2nd period - Penalty to Anthony Peluso for Fighting.
3:39 of 2nd period - Penalty to Josh Brown for Fighting.
3:40 of 2nd period - Eetu Luostarinen wins face-off versus Colin Campbell in neutral zone.
3:43 of 2nd period - Wrist shot by Matt Beleskey.
3:43 of 2nd period - Stopped by Joel Daccord with a rebound.
3:51 of 2nd period - Snap shot by Eetu Luostarinen.
3:51 of 2nd period - Stopped by Joel Daccord with a rebound.
4:17 of 2nd period - Wrist shot by Alexander Volkov.
4:17 of 2nd period - Stopped by Christopher Gibson with a rebound.
4:19 of 2nd period - Wrist shot by Emil Bemstrom.
4:19 of 2nd period - Shot Misses the Net.
4:21 of 2nd period - Snap shot by Colin Campbell.
4:21 of 2nd period - Goal by Colin Campbell - Laval Rockets : 2 - Manitoba Moose : 1.
4:22 of 2nd period - Rasmus Asplund wins face-off versus Eetu Luostarinen in neutral zone.
4:27 of 2nd period - Snap shot by Jayce Hawryluk.
4:27 of 2nd period - Shot Misses the Net.
4:29 of 2nd period - Wrist shot by Jayce Hawryluk.
4:29 of 2nd period - Goal by Jayce Hawryluk - Laval Rockets : 3 - Manitoba Moose : 1.
4:30 of 2nd period - Eetu Luostarinen wins face-off versus Jayce Hawryluk in neutral zone.
4:37 of 2nd period - Matt Beleskey is hit by Ryan Poehling and loses puck.
4:43 of 2nd period - Off-side.
4:44 of 2nd period - Colin Campbell wins face-off versus Eetu Luostarinen in neutral zone.
5:11 of 2nd period - Andreas Borgman is hit by Jayce Hawryluk and loses puck.
5:18 of 2nd period - Snap shot by Ryan Poehling.
5:18 of 2nd period - Stopped by Christopher Gibson without a rebound.
5:19 of 2nd period - Eetu Luostarinen wins face-off versus Colin Campbell in Manitoba Moose zone.
6:02 of 2nd period - Slapshot by Sean Malone.
6:02 of 2nd period - Shot Blocked by Colin Campbell.
6:39 of 2nd period - Snap shot by Colin Campbell.
6:39 of 2nd period - Shot Misses the Net.
6:43 of 2nd period - Slapshot by Jayce Hawryluk.
6:43 of 2nd period - Shot Misses the Net.
6:45 of 2nd period - Snap shot by Casey Nelson.
6:45 of 2nd period - Shot Misses the Net.
7:10 of 2nd period - Minor Penalty to Matt Lorito for Roughing.
7:11 of 2nd period - Eetu Luostarinen wins face-off versus Adam Brooks in Manitoba Moose zone.
7:11 of 2nd period - Eetu Luostarinen is hit by Jayden Halbgewachs.
7:45 of 2nd period - Snap shot by Adam Brooks.
7:45 of 2nd period - Stopped by Christopher Gibson without a rebound.
7:46 of 2nd period - Steve Bernier wins face-off versus Emil Bemstrom in Manitoba Moose zone.
7:51 of 2nd period - Cody McLeod is hit by Alexander Volkov and loses puck.
7:58 of 2nd period - Brian Lashoff is hit by Alexander Volkov and loses puck.
8:39 of 2nd period - Penalty to Anthony Peluso is over, Anthony Peluso is back on ice.
9:10 of 2nd period - Penalty to Matt Lorito is over, Matt Lorito is back on ice.
9:14 of 2nd period - Off-side.
9:15 of 2nd period - Sean Malone wins face-off versus Brett Leason in neutral zone.
10:31 of 2nd period - Giovanni Fiore is hit by Gerald Mayhew and loses puck.
10:42 of 2nd period - Snap shot by Eetu Luostarinen.
10:42 of 2nd period - Stopped by Joel Daccord with a rebound.
10:44 of 2nd period - Wrist shot by Eetu Luostarinen.
10:44 of 2nd period - Stopped by Joel Daccord with a rebound.
11:18 of 2nd period - Snap shot by Logan O'Connor.
11:18 of 2nd period - Shot Misses the Net.
11:20 of 2nd period - Snap shot by Logan O'Connor.
11:20 of 2nd period - Shot Blocked by Steve Bernier.
11:30 of 2nd period - Alexander Volkov is hit by Matt Lorito and loses puck.
12:42 of 2nd period - Ryan Poehling is hit by Sean Malone and loses puck.
13:42 of 2nd period - Wrist shot by Tyler Lewington.
13:42 of 2nd period - Shot Blocked by Brian Lashoff.
14:06 of 2nd period - Jake Walman is hit by Logan O'Connor.
14:26 of 2nd period - Slapshot by Alexander Volkov.
14:26 of 2nd period - Shot Blocked by Shane Gersich.
14:28 of 2nd period - Wrist shot by Colin Campbell.
14:28 of 2nd period - Stopped by Christopher Gibson without a rebound.
14:29 of 2nd period - Rasmus Asplund wins face-off versus Eetu Luostarinen in Manitoba Moose zone.
14:38 of 2nd period - Ryan Poehling is hit by Steve Bernier and loses puck.
15:23 of 2nd period - Snap shot by Sean Malone.
15:23 of 2nd period - Goal by Sean Malone - Laval Rockets : 3 - Manitoba Moose : 2.
15:24 of 2nd period - Rasmus Asplund wins face-off versus Eetu Luostarinen in neutral zone.
15:27 of 2nd period - Brian Lashoff is hit by Jayce Hawryluk and loses puck.
15:46 of 2nd period - Minor Penalty to Eetu Luostarinen for Interference.
15:47 of 2nd period - Peter Abbandonato wins face-off versus Emil Bemstrom in Manitoba Moose zone.
15:53 of 2nd period - Icing by Dante Fabbro.
15:54 of 2nd period - Peter Abbandonato wins face-off versus Emil Bemstrom in Laval Rockets zone.
17:38 of 2nd period - Matt Bartkowski is hit by Shane Gersich and loses puck.
17:46 of 2nd period - Penalty to Eetu Luostarinen is over, Eetu Luostarinen is back on ice.
18:04 of 2nd period - Snap shot by Eetu Luostarinen.
18:04 of 2nd period - Shot Blocked by Giovanni Fiore.
18:10 of 2nd period - Slapshot by Eetu Luostarinen.
18:10 of 2nd period - Shot Blocked by Brett Leason.
18:12 of 2nd period - Snap shot by Anthony Peluso.
18:12 of 2nd period - Shot Blocked by Simon Benoit.
18:14 of 2nd period - Snap shot by Eetu Luostarinen.
18:14 of 2nd period - Shot Misses the Net.
18:16 of 2nd period - Slapshot by Bode Wilde.
18:16 of 2nd period - Stopped by Joel Daccord without a rebound.
18:17 of 2nd period - Gerald Mayhew wins face-off versus Rasmus Asplund in Laval Rockets zone.
18:57 of 2nd period - Snap shot by Matt Lorito.
18:57 of 2nd period - Stopped by Joel Daccord without a rebound.
18:58 of 2nd period - Chase Pearson wins face-off versus Ryan Fitzgerald in Laval Rockets zone.
19:02 of 2nd period - Minor Penalty to Dante Fabbro for Hooking.
19:03 of 2nd period - Rasmus Asplund wins face-off versus Eetu Luostarinen in Laval Rockets zone.
19:19 of 2nd period - Wrist shot by Matt Beleskey.
19:19 of 2nd period - Stopped by Joel Daccord without a rebound.
19:20 of 2nd period - Rasmus Asplund wins face-off versus Gerald Mayhew in Laval Rockets zone.
19:33 of 2nd period - Slapshot by Jake Walman.
19:33 of 2nd period - Deflect By Tyler Lewington.
19:33 of 2nd period - Goal by Jake Walman - Laval Rockets : 3 - Manitoba Moose : 3.
19:34 of 2nd period - Colin Campbell wins face-off versus Eetu Luostarinen in neutral zone.
Goals for this period are 2 for Laval Rockets vs 2 for Manitoba Moose.
Shots for this period are 10 for Laval Rockets vs 12 for Manitoba Moose.

3rd period


0:01 of 3rd period - Colin Campbell wins face-off versus Eetu Luostarinen in neutral zone.
0:26 of 3rd period - Cody McLeod is hit by Rasmus Asplund and loses puck.
0:35 of 3rd period - Slapshot by Anthony Peluso.
0:35 of 3rd period - Shot Blocked by Jayce Hawryluk.
1:09 of 3rd period - Andreas Borgman is hit by Colin Campbell and loses puck.
1:36 of 3rd period - Slapshot by Dante Fabbro.
1:36 of 3rd period - Shot Blocked by Brian Lashoff.
1:38 of 3rd period - Wrist shot by Giovanni Fiore.
1:38 of 3rd period - Stopped by Christopher Gibson without a rebound.
1:39 of 3rd period - Eetu Luostarinen wins face-off versus Rasmus Asplund in Manitoba Moose zone.
1:44 of 3rd period - Jake Walman is hit by Jayce Hawryluk.
2:37 of 3rd period - Wrist shot by Ryan Fitzgerald.
2:37 of 3rd period - Stopped by Christopher Gibson with a rebound.
2:39 of 3rd period - Snap shot by Giovanni Fiore.
2:39 of 3rd period - Stopped by Christopher Gibson without a rebound.
2:40 of 3rd period - Colin Campbell wins face-off versus Eetu Luostarinen in Manitoba Moose zone.
2:51 of 3rd period - Snap shot by Colin Campbell.
2:51 of 3rd period - Stopped by Christopher Gibson with a rebound.
3:15 of 3rd period - Snap shot by Jayden Halbgewachs.
3:15 of 3rd period - Shot Misses the Net.
3:35 of 3rd period - Slapshot by Dante Fabbro.
3:35 of 3rd period - Deflect By Jayce Hawryluk.
3:35 of 3rd period - Stopped by Christopher Gibson with a rebound.
3:37 of 3rd period - Snap shot by Ryan Poehling.
3:37 of 3rd period - Deflect By Steve Bernier.
3:37 of 3rd period - Shot Misses the Net.
3:37 of 3rd period - Puck is out of play.
3:38 of 3rd period - Gerald Mayhew wins face-off versus Colin Campbell in Manitoba Moose zone.
4:38 of 3rd period - Urho Vaakanainen is hit by Matt Bartkowski and loses puck.
4:47 of 3rd period - Wrist shot by Giovanni Fiore.
4:47 of 3rd period - Stopped by Christopher Gibson with a rebound.
4:49 of 3rd period - Slapshot by Matt Bartkowski.
4:49 of 3rd period - Shot Blocked by Thomas Schemitsch.
4:51 of 3rd period - Slapshot by Simon Benoit.
4:51 of 3rd period - Stopped by Christopher Gibson with a rebound.
5:22 of 3rd period - Icing by Dante Fabbro.
5:23 of 3rd period - Sean Malone wins face-off versus Rasmus Asplund in Laval Rockets zone.
5:26 of 3rd period - Slapshot by Gerald Mayhew.
5:26 of 3rd period - Stopped by Joel Daccord with a rebound.
6:05 of 3rd period - Snap shot by Jayce Hawryluk.
6:05 of 3rd period - Stopped by Christopher Gibson without a rebound.
6:06 of 3rd period - Eetu Luostarinen wins face-off versus Colin Campbell in Manitoba Moose zone.
6:15 of 3rd period - Snap shot by Matt Beleskey.
6:15 of 3rd period - Stopped by Joel Daccord with a rebound.
6:17 of 3rd period - Wrist shot by Matt Beleskey.
6:17 of 3rd period - Shot Misses the Net.
6:27 of 3rd period - Snap shot by Jayden Halbgewachs.
6:27 of 3rd period - Stopped by Christopher Gibson with a rebound.
6:29 of 3rd period - Snap shot by Logan O'Connor.
6:29 of 3rd period - Stopped by Christopher Gibson with a rebound.
6:31 of 3rd period - Wrist shot by Adam Brooks.
6:31 of 3rd period - Stopped by Christopher Gibson with a rebound.
6:33 of 3rd period - Slapshot by Casey Nelson.
6:33 of 3rd period - Shot Blocked by Cody McLeod.
6:35 of 3rd period - Slapshot by Logan O'Connor.
6:35 of 3rd period - Stopped by Christopher Gibson without a rebound.
6:36 of 3rd period - Colin Campbell wins face-off versus Eetu Luostarinen in Manitoba Moose zone.
6:43 of 3rd period - Emil Bemstrom is hit by Steve Bernier and loses puck.
7:35 of 3rd period - Minor Penalty to Cody McLeod for Holding.
7:36 of 3rd period - Eetu Luostarinen wins face-off versus Jayce Hawryluk in Manitoba Moose zone.
8:21 of 3rd period - Peter Abbandonato is hit by Matt Bartkowski and loses puck.
9:00 of 3rd period - Dante Fabbro is hit by Guillaume Brisebois.
9:35 of 3rd period - Penalty to Cody McLeod is over, Cody McLeod is back on ice.
9:42 of 3rd period - Snap shot by Ryan Fitzgerald.
9:42 of 3rd period - Stopped by Christopher Gibson without a rebound.
9:43 of 3rd period - Ryan Fitzgerald wins face-off versus Gerald Mayhew in Manitoba Moose zone.
9:49 of 3rd period - Off-side.
9:50 of 3rd period - Colin Campbell wins face-off versus Gerald Mayhew in neutral zone.
9:52 of 3rd period - Off-side.
9:53 of 3rd period - Colin Campbell wins face-off versus Gerald Mayhew in neutral zone.
10:04 of 3rd period - Anthony Peluso is hit by Alexander Volkov and loses puck.
10:27 of 3rd period - Wrist shot by Simon Benoit.
10:27 of 3rd period - Stopped by Christopher Gibson with a rebound.
10:37 of 3rd period - Rasmus Asplund is hit by Matt Beleskey and loses puck.
11:10 of 3rd period - Wrist shot by Gerald Mayhew.
11:10 of 3rd period - Shot Misses the Net.
11:12 of 3rd period - Slapshot by Jake Walman.
11:12 of 3rd period - Shot Misses the Net.
11:48 of 3rd period - Slapshot by Adam Brooks.
11:48 of 3rd period - Stopped by Christopher Gibson with a rebound.
12:04 of 3rd period - Casey Nelson is hit by Sean Malone and loses puck.
12:43 of 3rd period - Snap shot by Alexander Volkov.
12:43 of 3rd period - Stopped by Christopher Gibson with a rebound.
14:42 of 3rd period - Andreas Borgman is hit by Jayce Hawryluk and loses puck.
15:20 of 3rd period - Minor Penalty to Guillaume Brisebois for Goalie Interference.
15:21 of 3rd period - Emil Bemstrom wins face-off versus Eetu Luostarinen in Manitoba Moose zone.
15:35 of 3rd period - Dante Fabbro is hit by Matt Beleskey.
15:41 of 3rd period - Brian Lashoff is hit by Jayce Hawryluk.
17:20 of 3rd period - Penalty to Guillaume Brisebois is over, Guillaume Brisebois is back on ice.
17:34 of 3rd period - Wrist shot by Guillaume Brisebois.
17:34 of 3rd period - Shot Misses the Net.
17:36 of 3rd period - Snap shot by Eetu Luostarinen.
17:36 of 3rd period - Shot Misses the Net.
17:38 of 3rd period - Wrist shot by Guillaume Brisebois.
17:38 of 3rd period - Stopped by Joel Daccord with a rebound.
17:40 of 3rd period - Snap shot by Eetu Luostarinen.
17:40 of 3rd period - Stopped by Joel Daccord with a rebound.
17:42 of 3rd period - Snap shot by Eetu Luostarinen.
17:42 of 3rd period - Stopped by Joel Daccord with a rebound.
17:44 of 3rd period - Snap shot by Thomas Schemitsch.
17:44 of 3rd period - Shot Blocked by Jayden Halbgewachs.
17:46 of 3rd period - Snap shot by Guillaume Brisebois.
17:46 of 3rd period - Shot Blocked by Jayden Halbgewachs.
17:48 of 3rd period - Slapshot by Andreas Borgman.
17:48 of 3rd period - Shot Misses the Net.
17:52 of 3rd period - Slapshot by Eetu Luostarinen.
17:52 of 3rd period - Stopped by Joel Daccord with a rebound.
17:54 of 3rd period - Wrist shot by Matt Beleskey.
17:54 of 3rd period - Shot Misses the Net.
17:56 of 3rd period - Slapshot by Andreas Borgman.
17:56 of 3rd period - Shot Blocked by Matt Bartkowski.
18:00 of 3rd period - Backhand shot by Eetu Luostarinen.
18:00 of 3rd period - Stopped by Joel Daccord without a rebound.
18:01 of 3rd period - Rasmus Asplund wins face-off versus Shane Gersich in Laval Rockets zone.
18:14 of 3rd period - Snap shot by Ryan Poehling.
18:14 of 3rd period - Shot Blocked by Jake Walman.
18:24 of 3rd period - Emil Bemstrom is hit by Anthony Peluso and loses puck.
19:12 of 3rd period - Casey Nelson is hit by Steve Bernier.
19:22 of 3rd period - Jayce Hawryluk is hit by Matt Beleskey and loses puck.
Goals for this period are 0 for Laval Rockets vs 0 for Manitoba Moose.
Shots for this period are 16 for Laval Rockets vs 7 for Manitoba Moose.

Overtime #1


0:01 of 1st overtime period - Emil Bemstrom wins face-off versus Eetu Luostarinen in neutral zone.
0:08 of 1st overtime period - Backhand shot by Emil Bemstrom.
0:08 of 1st overtime period - Shot Blocked by Jake Walman.
0:16 of 1st overtime period - Snap shot by Eetu Luostarinen.
0:16 of 1st overtime period - Stopped by Joel Daccord without a rebound.
0:17 of 1st overtime period - Matt Beleskey wins face-off versus Emil Bemstrom in Laval Rockets zone.
0:30 of 1st overtime period - Slapshot by Eetu Luostarinen.
0:30 of 1st overtime period - Stopped by Joel Daccord without a rebound.
0:31 of 1st overtime period - Eetu Luostarinen wins face-off versus Emil Bemstrom in Laval Rockets zone.
0:38 of 1st overtime period - Dante Fabbro is hit by Brian Lashoff and loses puck.
0:45 of 1st overtime period - Off-side.
0:46 of 1st overtime period - Eetu Luostarinen wins face-off versus Emil Bemstrom in neutral zone.
1:21 of 1st overtime period - Snap shot by Steve Bernier.
1:21 of 1st overtime period - Deflect By Cody McLeod.
1:21 of 1st overtime period - Stopped by Joel Daccord with a rebound.
1:23 of 1st overtime period - Slapshot by Cody McLeod.
1:23 of 1st overtime period - Shot Blocked by Josh Brown.
1:31 of 1st overtime period - Snap shot by Steve Bernier.
1:31 of 1st overtime period - Shot Blocked by Josh Brown.
1:43 of 1st overtime period - Snap shot by Rasmus Asplund.
1:43 of 1st overtime period - Shot Misses the Net.
2:02 of 1st overtime period - Slapshot by Josh Brown.
2:02 of 1st overtime period - Stopped by Christopher Gibson with a rebound.
2:10 of 1st overtime period - Dante Fabbro is hit by Jake Walman and loses puck.
2:40 of 1st overtime period - Slapshot by Steve Bernier.
2:40 of 1st overtime period - Shot Blocked by Ryan Poehling.
4:31 of 1st overtime period - Icing by Ryan Poehling.
4:32 of 1st overtime period - Ryan Poehling wins face-off versus Peter Abbandonato in Laval Rockets zone.
4:32 of 1st overtime period - Ryan Poehling is hit by Peter Abbandonato.
4:52 of 1st overtime period - Eetu Luostarinen is hit by Jayce Hawryluk and loses puck.
Goals for this period are 0 for Laval Rockets vs 0 for Manitoba Moose.
Shots for this period are 1 for Laval Rockets vs 3 for Manitoba Moose.

ShootOut


5:00 of 1st overtime period - Round #1.
5:00 of 1st overtime period - Laval Rockets, Emil Bemstrom.
5:00 of 1st overtime period - Deke by Emil Bemstrom.
5:00 of 1st overtime period - Stopped by Christopher Gibson.
5:00 of 1st overtime period - Manitoba Moose, Eetu Luostarinen.
5:00 of 1st overtime period - Deke by Eetu Luostarinen.
5:00 of 1st overtime period - Stopped by Joel Daccord.
5:00 of 1st overtime period - Round #2.
5:00 of 1st overtime period - Laval Rockets, Alexander Volkov.
5:00 of 1st overtime period - Wrist shot by Alexander Volkov.
5:00 of 1st overtime period - Stopped by Christopher Gibson.
5:00 of 1st overtime period - Manitoba Moose, Matt Beleskey.
5:00 of 1st overtime period - Snap shot by Matt Beleskey.
5:00 of 1st overtime period - Goal by Matt Beleskey.
5:00 of 1st overtime period - Round #3.
5:00 of 1st overtime period - Laval Rockets, Rasmus Asplund.
5:00 of 1st overtime period - Snap shot by Rasmus Asplund.
5:00 of 1st overtime period - Stopped by Christopher Gibson.